 Dungeon Crawl Stone Soup version 0.31-a0-986-g5e6e4ef867 (webtiles) character file.

Game seed: 10497468042611409963

233176 yadon the Severer (level 19, -6/156 (157) HPs)
             Began as a Demonspawn Gladiator on Nov 3, 2023.
             Was the Champion of Okawaru.
             Mangled by a harpy (39 damage)
             ... on level 3 of the Shoals.
             The game lasted 02:14:58 (32202 turns).

yadon the Severer (Demonspawn Gladiator)           Turns: 32202, Time: 02:14:59

HP:   -6/156 (157)  AC: 20    Str: 18    XL:     19   Next: 19%
MP:   26/26         EV:  2    Int: 13    God:    Okawaru [******]
Gold: 2990          SH:  0    Dex: 24    Spells: 16/18 levels left

rFire   + + .        V - +8 executioner's axe of the Vulture {flame, Dex+2}
rCold   . . .        (shield currently unavailable)
rNeg    + + .        C - +5 ring mail of a Labyrinth {Regen+}
rPois   +            T - +2 hat {Stlth+}
rElec   .            (cloak unavailable)
rCorr   .            G - +0 pair of gloves
SInv    .            W - +0 pair of boots of Okawaru's Hatred {rPois rF++ rN++}
Will    .....        J - amulet of regeneration
Stlth   ++++         j - +4 ring of protection
HPRegen 2.06/turn    R - +5 ring of evasion
MPRegen 0.20/turn

%: no passive effects
@: sleeping, weak-willed, lightly drained, unable to read, very slow
A: thin skeletal structure 3, foul stench 2, condensation shield, weakness
stinger 3, inability to read after injury 1
a: Renounce Religion, Heroism, Finesse, Duel


You were on level 3 of the Shoals.
You worshipped Okawaru.
Okawaru was exalted by your worship.
You visited 8 branches of the dungeon, and saw 33 of its levels.
You visited the Abyss 1 time.
You also visited: Sewer and Gauntlet.

You collected 3215 gold pieces.
You spent 225 gold pieces at shops.

Inventory:

Hand Weapons
 a - the +5 demon whip "Spellbinder" {antimagic, disrupt, Will+}
   (You took it off a merfolk javelineer on level 1 of the Shoals)

   Will+:     It increases your willpower.
 U - a +0 war axe of flaming
 V - the +8 executioner's axe of the Vulture (weapon) {flame, Dex+2}
   (Okawaru gifted it to you on level 1 of the Lair of Beasts)

   Dex+2:     It affects your dexterity (+2).
Missiles
 d - 11 throwing nets (quivered)
 e - 7 javelins
 S - 18 silver javelins
Armour
 C - the +5 ring mail of a Labyrinth (worn) {Regen+}
   (You found it on level 6 of the Dungeon)

   Regen+:    It increases your rate of health regeneration.
 G - a +0 pair of gloves (worn)
 T - a +2 hat of stealth (worn)
 W - the +0 pair of boots of Okawaru's Hatred (worn) {rPois rF++ rN++}
   (Okawaru gifted it to you on level 1 of the Lair of Beasts)

   rF++:      It greatly protects you from fire.
   rPois:     It protects you from poison rN++: It greatly protects you from
   negative energy.
Jewellery
 j - a +4 ring of protection (left hand)
 m - a ring of positive energy
 t - a +4 ring of protection
 z - a +6 ring of dexterity
 J - an amulet of regeneration (around neck)
 R - a +5 ring of evasion (right hand)
 X - a ring of fire
 Y - a ring of ice
 Z - a +6 ring of intelligence
Talismans
 c - the serpent talisman "Earthly Heaven" {Str+3 Int+3}
   (You took it off Aizul on level 1 of the Snake Pit)

   [serpent talisman]

   Str+3:     It affects your strength (+3).
   Int+3:     It affects your intelligence (+3).
 P - a granite talisman
Wands
 f - a wand of quicksilver (6)
 B - a wand of flame (44)
 F - a wand of mindburst (22)
 K - a wand of iceblast (11)
Scrolls
 b - 4 scrolls of revelation
 g - 3 scrolls of fog
 i - 6 scrolls of blinking
 l - 6 scrolls of amnesia
 n - 9 scrolls of teleportation
 o - 6 scrolls of fear
 p - 3 scrolls of vulnerability
 v - 4 scrolls of summoning
 y - 4 scrolls of enchant armour
 E - a scroll of torment
 H - 7 scrolls of identify
 L - 3 scrolls of enchant weapon
 M - 2 scrolls of silence
 O - 5 scrolls of noise
Potions
 h - 2 potions of invisibility
 k - 8 potions of heal wounds
 q - 2 potions of brilliance
 r - 3 potions of lignification
 s - 13 potions of curing
 u - 6 potions of attraction
 w - a potion of magic
 x - 3 potions of haste
 A - 7 potions of cancellation
 D - 3 potions of ambrosia
 I - 2 potions of berserk rage
 N - 7 potions of enlightenment
 Q - 6 potions of might


   Skills:
 * Level 16.1 Fighting
 + Level 20.1 Axes
 * Level 10.1 Throwing
 + Level 7.9 Armour
 * Level 12.8 Dodging
 + Level 7.7 Stealth
 + Level 2.3 Shields
 + Level 0.4 Spellcasting
 - Level 10.3 Invocations
 + Level 0.2 Evocations
 * Level 2.8 Shapeshifting


You had 16 spell levels left.
You knew the following spells:

 Your Spells              Type           Power      Damage    Failure   Level
a - Blink                 Tloc           0%         N/A       58%         2

Your spell library contained the following spells:

 Spells                   Type           Power      Damage    Failure   Level
 Apportation              Tloc           0%         N/A       43%         1
 Foxfire                  Conj/Fire      0%         2x1d4     43%         1
 Necrotise                Necr           0%         1d4       43%         1
 Shock                    Conj/Air       0%         1d3       43%         1
 Jinxbite                 Hex            0%         N/A       58%         2
 Sublimation of Blood     Necr           0%         N/A       58%         2
 Dazzling Flash           Conj/Hex       0%         N/A       82%         3
 Frozen Ramparts          Ice            0%         1d1       82%         3
 Swiftness                Air            0%         N/A       82%         3
 Vampiric Draining        Necr           0%         2d6       82%         3
 Volatile Blastmotes      Fire/Tloc      0%         2d10      82%         3
 Airstrike                Air            0%         2d(0-16)  99%         4
 Fulminant Prism          Conj/Hex       0%         3d5       99%         4
 Iskenderun's Mystic Bla  Conj/Tloc      0%         2d3       99%         4
 Manifold Assault         Tloc           0%         N/A       99%         4
 Petrify                  Tmut/Erth      0%         N/A       99%         4
 Vhi's Electric Charge    Tloc/Air       0%         N/A       99%         4
 Agony                    Necr           0%         N/A       100%        5
 Alistair's Intoxication  Tmut/Pois      0%         N/A       100%        5
 Arcjolt                  Conj/Air       0%         1d10      100%        5
 Irradiate                Conj/Tmut      0%         3d11      100%        5
 Metabolic Englaciation   Hex/Ice        0%         N/A       100%        5
 Silence                  Hex/Air        0%         N/A       100%        5
 Conjure Ball Lightning   Conj/Air       0%         3x3d6     100%        6
 Plasma Beam              Fire/Air       0%         2x1d10    100%        6
 Starburst                Conj/Fire      0%         6d3       100%        6
 Orb of Destruction       Conj           0%         9d5       100%        7
 Discord                  Hex            0%         N/A       100%        8
 Disjunction              Tloc           0%         N/A       100%        8
 Summon Guardian Golem    Hex/Summ       Unusable   N/A       N/A         3
 Spellforged Servitor     Conj/Summ      Unusable   N/A       N/A         7

Dungeon Overview and Level Annotations

Branches:
Dungeon (15/15)            Temple (1/1) D:4            Lair (5/5) D:8
 Shoals (3/4) Lair:2        Snake (3/4) Lair:3        Slime (0/5) Lair:5
    Orc (2/2) D:11            Elf (3/3) Orc:2        Vaults (0/5) D:13
 Depths (1/4) D:15          Sewer (visited)         Gauntlet (visited)

Altars:
Ashenzari
Cheibriados
Dithmenos
Fedhas
Gozag
Hepliaklqana
Makhleb
Nemelex Xobeh
Okawaru
Qazlal
Ru
Sif Muna
Trog
Uskayaw
Vehumet
Wu Jian
Xom
Yredelemnul
Jiyva

Shops:
D:10 *:   D:11 !   Orc:2 *!:*   Elf:2 :(   Snake:1 :*[

Annotations:
D:13 2 transporters
Lair:2 1 runed translucent door, exclusion: ice statue, Karim's ghost, journeyman GnEE
Lair:3 1 transporter, 1 runed translucent door, Meazimey's ghost, journeyman NaVM
Elf:2 3 runed translucent doors


Innate Abilities, Weirdness & Mutations

You have an unnaturally thin skeletal structure. (Dex +6, Stealth+++)
You sometimes emit foul miasma when damaged in melee.
A meltable shield of frost defends you. (SH +4)
You have a sharp stinger which inflicts weakening toxins.
You occasionally lose the ability to read scrolls when taking damage.


Message History

You kill the merfolk aquamancer!
Okawaru accepts your kill. You block the merfolk's attack.
The faun shoots a sling bullet.
The sling bullet completely misses you. The faun misses you.
The satyr shoots an arrow.
The arrow hits you!!
* * * LOW HITPOINT WARNING * * *
Unknown command.
You feel much better. The merfolk barely misses you.
The merfolk hits you from afar with a +0 glaive!!
* * * LOW HITPOINT WARNING * * *
The faun shoots a sling bullet.
The sling bullet misses you.
The faun unwields a +0 spear.
The faun wields a +0 sling.
The faun shoots a sling bullet.
The sling bullet misses you.
The satyr shoots an arrow.
The arrow hits you!
* * * LOW HITPOINT WARNING * * *
You cannot move closer to the satyr!
Unknown command.
Unknown command.
The merfolk misses you. The merfolk completely misses you.
The faun shoots a sling bullet.
The sling bullet misses you.
The satyr shoots an arrow.
The arrow completely misses you.
The faun shoots a sling bullet.
The sling bullet hits you.
* * * LOW HITPOINT WARNING * * *
Unknown command.
Your surroundings suddenly seem different.
Splash!
You fall into the shallow water.
Moving in this stuff is going to be slow.
A cyclops, 4 dream sheep, a sea snake and 3 harpies come into view.
Found a potion of enlightenment and 2 poisoned darts.
You are no longer terrified.
The harpy screeches! x2; The dream sheep bleats! x2; The harpy screeches!
The harpy misses you. The harpy closely misses you.
The dream sheep shake their wool and sparkle.
You feel drowsy...
You fall asleep.
The dream sheep bleats! x2; The cyclops shouts!
The harpy claws you but does no damage. x2
The sea snake bites you but does no damage.
The harpy claws you!!!
You die...

#.~~~~~~~~. .
#.~~~.~~≈≈≈
^.###.~~~..~≈≈≈
~.....~~~..~~≈≈
~~~.~~~~~~~~~≈≈
~~~~~~~~~Y..~≈≈
≈~~~~~≈SH~~.~≈≈
≈≈≈≈≈≈~@HY~~~~~
~.~~≈~~.!..Y~~~
....~~.H....~..
≈
###.(....#Y....
≈ #...#####.C.#
~ #... ...# ~
.... ..# ≈
.~... .. ~~ .~~


You could see a sea snake, a cyclops, 3 harpies and 4 dream sheep.

Vanquished Creatures
  A dread lich (Abyss:3)
  4 sphinxes (Elf:1)
  A kraken (Shoals:2)
  Gastronok (Lair:1)
  A tentacled starspawn (Abyss:2)
  Polyphemus (Shoals:2)
  Kirke (Elf:1)
  Aizul (Snake:1)
  2 deep elf sorcerers
  A deep elf elementalist (Elf:2)
  An orc warlord (Orc:2)
  Azrael (D:12)
  2 fire dragons (Elf:1)
  11 merfolk impalers
  A merfolk javelineer (Shoals:1)
  An ettin (D:15)
  Fannar (Lair:3)
  Harold (D:11)
  A rakshasa (D:15)
  10 hydras
  3 catoblepae
  4 two-headed ogres (D:12)
  7 centaur warriors
  7 anacondas
  A merfolk avatar (Shoals:2)
  2 merfolk aquamancers
  An alligator snapping turtle (Shoals:1)
  23 dancing weapons
  3 boulder beetles
  A tengu warrior (D:15)
  4 hell hogs (Abyss:2)
  11 death yaks
  4 orc high priests (Orc:2)
  A deep troll shaman (D:15)
  14 naga warriors
  2 shock serpents
  7 naga sharpshooters
  A hell knight (D:15)
  9 deep elf knights
  Nergalle (Lair:2)
  A wretched star (Abyss:3)
  A fire crab (shapeshifter) (D:13)
  An iron troll (D:15)
  7 skysharks
  9 sea snakes
  5 naga ritualists
  4 deep elf archers
  3 orc knights (Orc:2)
  2 harpies (shapeshifter)
  A necromancer (D:10)
  18 deep elf zephyrmancers
  A lindwurm (Lair:5)
  7 mana vipers (Snake:1)
  12 harpies
  18 deep elf pyromancers
  8 fauns
  4 cyclopes
  2 orc sorcerers
  3 salamanders
  3 ugly things
  15 manticores
  5 merfolk sirens
  23 black mambas
  A guardian serpent (Lair:3)
  18 elephants
  A rust devil (Abyss:2)
  3 water nymphs
  A guardian serpent (shapeshifter) (D:15)
  5 starcursed masses (Abyss:2)
  4 torpor snails
  4 smoke demons
  9 naga magi
  A gargoyle (D:13)
  13 cane toads
  8 large abominations
  An unseen horror (D:10)
  2 rime drakes
  Jeremiah (D:8)
  16 komodo dragons
  2 efreet
  3 freezing wraiths
  3 tengu conjurers
  3 ancient zymes
  5 trolls
  3 wind drakes (Shoals:1)
  A harpy zombie (Abyss:3)
  2 hornets
  2 polar bears (Lair:2)
  21 merfolk
  28 blink frogs
  A blink frog (shapeshifter) (D:14)
  2 snapping turtles
  A wolf spider simulacrum (Lair:3)
  2 glass eyes (Elf:2)
  9 dream sheep (Lair:5)
  9 slime creatures
  A vampire (D:12)
  Sigmund (D:3)
  A centaur simulacrum (D:15)
  A dire elephant simulacrum (Lair:3)
  8 wyverns
  2 ynoxinuls (Abyss:2)
  An air elemental (Elf:2)
  6 fire elementals
  15 water elementals
  2 shadows
  A fire bat (Abyss:2)
  A hog (Elf:1)
  2 humans (Elf:1)
  81 yaks
  7 basilisks
  A neqoxec (Abyss:2)
  11 vampire mosquitoes
  2 steam dragons
  2 chaos spawn
  A warg (Orc:1)
  An acid dragon (D:12)
  26 nagas
  20 water moccasins
  A hydra simulacrum (Lair:3)
  6 hell hounds
  25 orc warriors
  2 black bears
  9 ice beasts
  30 wolves
  6 centaurs
  5 ogres (Orc:2)
  A phantom (D:5)
  A kobold brigand (D:9)
  A gnoll sergeant (D:10)
  15 bullfrogs
  A scorpion (D:5)
  An earth elemental (Elf:2)
  17 wights
  3 small abominations (Abyss:2)
  20 killer bees
  2 electric eels (Snake:1)
  5 howler monkeys (D:10)
  3 quasits
  A jelly (D:6)
  A wyvern simulacrum (Lair:3)
  36 orc priests
  4 hounds
  A water moccasin simulacrum (Lair:3)
  A hell rat (Elf:1)
  A sleepcap (D:4)
  4 iguanas
  25 orc wizards
  11 gnolls
  11 adders
  3 river rats (Sewer)
  2 shadow imps
  4 white imps
  3 worms
  4 dart slugs
  84 orcs
  14 ball pythons
  8 endoplasms
  5 giant cockroaches
  2 goblins
  5 hobgoblins
  3 jackals (D:1)
  5 quokkas
  8 bats
  5 frilled lizards
  10 kobolds
  40 rats
  A spectral weapon (Shoals:2)
  A starspawn tentacle (Abyss:2)
  3 tentacles (Shoals:2)
1142 creatures vanquished.

Vanquished Creatures (others)
  A deep elf pyromancer (Elf:2)
  A deep elf zephyrmancer (Elf:1)
  A swamp drake (D:8)
  A centaur (D:12)
  A starspawn tentacle (Abyss:2)
  16 tentacles (Shoals:2)
21 creatures vanquished.

Grand Total: 1163 creatures vanquished

Notes
Turn   | Place    | Note
-------+----------+-------------------------------------------
     0 | D:1      | yadon the Demonspawn Gladiator began the quest for the Orb.
     0 | D:1      | Reached XP level 1. HP: 16/16 MP: 1/1
   265 | D:1      | Gained mutation: You have a somewhat thin skeletal
                  | structure. (Dex +2, Stealth+) [demonic ancestry]
   265 | D:1      | Reached XP level 2. HP: 19/22 MP: 2/2
   382 | D:1      | Reached skill level 3 in Axes
   612 | D:1      | Gained mutation: You have a small tail. [demonic ancestry]
   612 | D:1      | Reached XP level 3. HP: 14/27 MP: 3/3
  1097 | D:2      | Reached skill level 1 in Stealth
  1141 | D:2      | Reached XP level 4. HP: 26/33 MP: 4/4
  1398 | D:3      | Noticed Sigmund
  1406 | D:3      | Killed Sigmund
  1407 | D:3      | Reached skill level 4 in Axes
  1407 | D:3      | Reached skill level 1 in Armour
  1407 | D:3      | Reached XP level 5. HP: 39/39 MP: 5/5
  1654 | D:3      | Gained mutation: You have a tail ending in a sharp stinger.
                  | [demonic ancestry]
  1654 | D:3      | Reached XP level 6. HP: 19/46 MP: 6/6
  1812 | D:3      | Reached skill level 5 in Axes
  2833 | D:4      | Reached XP level 7. HP: 48/51 MP: 7/7
  3184 | D:4      | Found a staircase to the Ecumenical Temple.
  3465 | Temple   | Entered the Ecumenical Temple
  3585 | Temple   | Became a worshipper of Warmaster Okawaru
  3618 | D:5      | Entered Level 5 of the Dungeon
  3662 | D:5      | Reached skill level 6 in Axes
  4282 | D:6      | Found a glowing drain.
  4286 | Sewer    | Entered a sewer
  4398 | Sewer    | Reached XP level 8. HP: 51/58 MP: 8/8
  4573 | Sewer    | Reached * piety under Okawaru
  4701 | D:6      | Reached skill level 7 in Axes
  5664 | D:6      | Identified the +5 ring mail of a Labyrinth {Regen+}
  5721 | D:6      | Found a burning altar of Makhleb.
  5961 | D:7      | Reached skill level 8 in Axes
  6001 | D:7      | Found an ornate altar of the Wu Jian Council.
  6035 | D:7      | You fall into a shaft and drop 3 floors!
  6035 | D:10     | Entered Level 10 of the Dungeon
  6052 | D:10     | Gained mutation: You have a moderately thin skeletal
                  | structure. (Dex +4, Stealth++) [demonic ancestry]
  6052 | D:10     | Reached XP level 9. HP: 65/66 MP: 9/9
  6072 | D:10     | Noticed a troll
  6090 | D:10     | Killed a troll
  6090 | D:10     | Reached ** piety under Okawaru
  6091 | D:10     | Reached skill level 5 in Dodging
  6412 | D:8      | Noticed Jeremiah
  6480 | D:10     | Reached skill level 9 in Axes
  6583 | D:9      | Reached skill level 1 in Invocations
  6641 | D:9      | Reached skill level 5 in Fighting
  6772 | D:9      | Reached *** piety under Okawaru
  6817 | D:8      | Reached XP level 10. HP: 74/74 MP: 11/11
  6988 | D:8      | Reached skill level 5 in Armour
  7000 | D:8      | Reached skill level 10 in Axes
  7346 | D:8      | Killed Jeremiah
  7440 | D:8      | Reached **** piety under Okawaru
  7516 | D:8      | Found a staircase to the Lair.
  7722 | D:8      | Noticed a moth of wrath
  7726 | D:8      | Found a bloodstained altar of Trog.
  8073 | D:8      | Reached skill level 11 in Axes
  8073 | D:8      | Reached ***** piety under Okawaru
  8370 | D:9      | Reached XP level 11. HP: 78/83 MP: 13/13
  8805 | D:10     | Found a broken altar of Ashenzari.
  8845 | D:10     | Found Joolaigh's Gadget Gallery.
  8926 | D:10     | Noticed a two-headed ogre
  8980 | D:10     | Noticed a necromancer
  9002 | D:10     | Killed a necromancer
  9129 | D:10     | Identified the +1 ring mail of Cocytus {Int+5}
  9298 | D:10     | Noticed a deep elf pyromancer
  9313 | D:10     | Received a gift from Okawaru
  9315 | D:10     | Noticed a boulder beetle
  9591 | D:11     | Found a staircase to the Orcish Mines.
  9764 | D:11     | Found Ciexih's Distillery.
  9768 | D:11     | Noticed Harold
  9783 | D:11     | Killed Harold
  9784 | D:11     | Reached skill level 5 in Invocations
  9928 | D:11     | Bought a potion of curing for 39 gold pieces
 10390 | D:11     | Noticed a deep elf pyromancer
 10401 | D:11     | Killed a deep elf pyromancer
 10402 | D:11     | Reached skill level 12 in Axes
 10615 | Gauntlet | Identified the "Vacoj"
 10615 | Lair:1   | Entered Level 1 of the Lair of Beasts
 10757 | D:12     | Found a gate leading to a gauntlet.
 10758 | D:12     | Noticed a two-headed ogre
 10762 | Gauntlet | Entered a Gauntlet
 10762 | Gauntlet | Found a transporter.
 10762 | Gauntlet | Found a runed translucent door.
 10762 | Gauntlet | Found a transporter.
 10763 | Gauntlet | Noticed an oklob plant
 10767 | Gauntlet | Found a runed translucent door.
 10768 | Gauntlet | Found a transporter.
 10768 | Gauntlet | Noticed an arcanist
 10769 | Gauntlet | Found a transporter.
 10771 | Gauntlet | Found a transporter.
 10816 | Gauntlet | Found a transporter.
 10817 | Gauntlet | Noticed a fire crab
 10819 | Gauntlet | Found a transporter.
 10819 | Gauntlet | Found a transporter.
 10844 | Gauntlet | Found a transporter.
 10855 | Gauntlet | Found a transporter.
 10857 | Gauntlet | Noticed a four-headed hydra
 10865 | Gauntlet | Noticed a hell hog
 10867 | Gauntlet | Found a transporter.
 10903 | D:12     | Noticed a deep elf pyromancer
 11380 | Lair:1   | Received a gift from Okawaru
 11481 | Lair:1   | Gained mutation: You have a sharp stinger which inflicts
                  | weakening toxins. [demonic ancestry]
 11481 | Lair:1   | Reached XP level 12. HP: 35/92 MP: 17/17
 11548 | Lair:1   | Noticed Gastronok
 11568 | Lair:1   | Killed Gastronok
 11745 | Lair:1   | Noticed a death yak
 11746 | Lair:1   | Noticed a death yak
 11746 | Lair:1   | Noticed a death yak
 11747 | Lair:1   | Noticed a death yak
 11774 | Lair:1   | Killed a death yak
 11868 | Lair:1   | Noticed a death yak
 11905 | Lair:1   | Killed a death yak
 11906 | Lair:1   | Reached skill level 13 in Axes
 11909 | Lair:1   | Killed a death yak
 11909 | Lair:1   | Received a gift from Okawaru
 11923 | Lair:1   | Killed a death yak
 11949 | Lair:1   | Killed a death yak
 12479 | Lair:2   | Reached skill level 5 in Stealth
 12523 | Lair:2   | You fall into a shaft and drop 2 floors!
 12625 | Lair:3   | Found a transporter.
 12657 | Lair:3   | Found a staircase to the Snake Pit.
 12721 | Lair:2   | Noticed a four-headed hydra
 12977 | Lair:1   | Reached ****** piety under Okawaru
 12977 | Lair:1   | Received a gift from Okawaru
 12994 | Lair:1   | Acquired the +8 executioner's axe of the Vulture {flame,
                  | Dex+2}
 12994 | Lair:1   | Received a gift from Okawaru
 13011 | Lair:1   | Acquired the +0 pair of boots of Okawaru's Hatred {rPois
                  | rF++ rN++}
 13011 | Lair:1   | Received a gift from Okawaru
 13100 | Lair:2   | Gained mutation: You may rarely emit foul miasma when
                  | damaged in melee. [demonic ancestry]
 13100 | Lair:2   | Reached XP level 13. HP: 100/100 MP: 20/20
 13126 | Lair:2   | Noticed Nergalle
 13131 | Lair:2   | Found a runed translucent door.
 13138 | Lair:2   | Killed Nergalle
 13139 | Lair:2   | Reached skill level 14 in Axes
 13146 | Lair:2   | Found a staircase to the Shoals.
 13183 | Lair:2   | Noticed Karim's ghost (journeyman GnEE)
 13224 | Lair:2   | Reached skill level 10 in Invocations
 13810 | Lair:3   | Found a transporter.
 14037 | Lair:3   | Noticed Fannar
 14059 | Lair:3   | Killed Fannar
 14182 | Lair:3   | Received a gift from Okawaru
 14197 | Lair:3   | Found a runed translucent door.
 14208 | Lair:3   | Found a shimmering altar of Xom.
 14208 | Lair:3   | Noticed Meazimey's ghost (journeyman NaVM)
 14210 | Lair:3   | Identified the +0 rapier "Jusmad" {chaos, Will- Int+5}
 14700 | Lair:4   | Reached skill level 15 in Axes
 14714 | Lair:4   | Reached skill level 10 in Fighting
 14959 | Lair:4   | Received a gift from Okawaru
 15138 | Lair:4   | Reached XP level 14. HP: 108/111 MP: 21/21
 15486 | Lair:5   | Entered Level 5 of the Lair of Beasts
 15794 | Lair:5   | Received a gift from Okawaru
 15864 | Lair:5   | Found a staircase to the Slime Pits.
 15864 | Lair:5   | Found a viscous altar of Jiyva.
 15900 | Lair:5   | Reached skill level 16 in Axes
 15931 | Lair:5   | Received a gift from Okawaru
 16459 | Lair:5   | Received a gift from Okawaru
 16811 | Orc:1    | Entered Level 1 of the Orcish Mines
 16830 | Orc:1    | Paralysed by an orc sorcerer for 5 turns
 17214 | Orc:2    | Entered Level 2 of the Orcish Mines
 17214 | Orc:2    | Found a burning altar of Makhleb.
 17584 | Orc:2    | Found a staircase to the Elven Halls.
 17599 | Orc:2    | Noticed an orc warlord
 17750 | Orc:2    | Killed an orc warlord
 17750 | Orc:2    | Received a gift from Okawaru
 18297 | Orc:2    | Reached XP level 15. HP: 118/120 MP: 20/22
 18361 | Orc:2    | Reached skill level 10 in Dodging
 18399 | Orc:2    | Found Xesk's General Store.
 18399 | Orc:2    | Found Boisocs's Distillery.
 18400 | Orc:2    | Found Gacies's General Store.
 18412 | Orc:2    | Found Doyrecir's Book Emporium.
 18429 | Orc:2    | Gained mutation: You have an unnaturally thin skeletal
                  | structure. (Dex +6, Stealth+++) [a neqoxec]
 18443 | Orc:2    | Reached skill level 17 in Axes
 18876 | D:10     | Found Pameon's Book Shop.
 19407 | D:11     | Reached XP level 16. HP: 127/127 MP: 23/23
 19516 | D:12     | Received a gift from Okawaru
 19639 | D:12     | Noticed Azrael
 19651 | D:12     | Killed Azrael
 19951 | D:12     | Found a hide-covered altar of Uskayaw.
 20262 | D:13     | Found a transporter.
 20265 | D:13     | Found a transporter.
 20419 | D:13     | Found a transporter.
 20420 | D:13     | Found a transporter.
 20579 | D:13     | Found a transporter.
 20581 | D:13     | Found a transporter.
 20694 | D:13     | Found a gate to the Vaults.
 21053 | D:13     | Received a gift from Okawaru
 21681 | D:15     | Entered Level 15 of the Dungeon
 21768 | D:15     | Found Onkele's Overcharged Wands.
 22092 | D:15     | Found a staircase to the Depths.
 22339 | D:15     | Found a shadowy altar of Dithmenos.
 22740 | Snake:1  | Entered Level 1 of the Snake Pit
 22848 | Snake:1  | Identified the serpent talisman "Earthly Heaven" {Str+3
                  | Int+3}
 22848 | Snake:1  | Noticed Aizul
 22868 | Snake:1  | Killed Aizul
 22868 | Snake:1  | Received a gift from Okawaru
 23255 | Snake:1  | Found Usuwn's Tiny Tomes.
 23555 | Snake:1  | Received a gift from Okawaru
 23556 | Snake:1  | Reached skill level 18 in Axes
 23621 | Snake:1  | Found Irulurcho's Assorted Antiques.
 23621 | Snake:1  | Found Joimid's Antique Armour Emporium.
 23676 | Snake:1  | Bought a scroll of teleportation for 93 gold pieces
 23676 | Snake:1  | Bought a scroll of teleportation for 93 gold pieces
 23808 | Snake:2  | Gained mutation: A meltable shield of frost defends you.
                  | (SH +4) [demonic ancestry]
 23808 | Snake:2  | Reached XP level 17. HP: 133/137 MP: 24/24
 24026 | Snake:2  | Identified the +2 ring mail "Vimn" {rPois}
 24158 | Snake:2  | Identified the +0 scale mail of Fun and Games {Will+ Str+3}
 25306 | Snake:3  | Received a gift from Okawaru
 26119 | Shoals:1 | Entered Level 1 of the Shoals
 26376 | Crypt:3  | Identified the of Afeuschug
 26376 | Depths:2 | Identified the of Vankal
 26376 | Depths:2 | Identified the of Worghera
 26376 | Elf:1    | Entered Level 1 of the Elven Halls
 26394 | Elf:1    | Noticed Kirke
 26416 | Elf:1    | Killed Kirke
 26541 | Elf:1    | Noticed a sphinx
 26557 | Elf:1    | Killed a sphinx
 26580 | Elf:1    | Noticed a sphinx
 26580 | Elf:1    | Noticed a sphinx
 26584 | Elf:1    | Received a gift from Okawaru
 26589 | Elf:1    | Reached skill level 1 in Shields
 26589 | Elf:1    | Noticed a sphinx
 26592 | Elf:1    | Killed a sphinx
 26595 | Elf:1    | Killed a sphinx
 26606 | Elf:1    | Killed a sphinx
 26911 | Elf:1    | Upgraded the game from 0.31-a0-983-g7b6862f502 to
                  | 0.31-a0-986-g5e6e4ef867
 27079 | Elf:1    | Received a gift from Okawaru
 27456 | Elf:2    | Found Roloran's Tremendous Tomes.
 27543 | Elf:2    | Reached skill level 19 in Axes
 27710 | Elf:2    | Found Anughikh's Weapon Shoppe.
 27733 | Elf:2    | Paralysed by an air elemental for 1 turns
 27794 | Elf:2    | Found a runed translucent gate.
 27795 | Elf:2    | Found a runed translucent gate.
 27795 | Elf:2    | Found a runed translucent gate.
 27809 | Elf:2    | Gained mutation: You sometimes emit foul miasma when
                  | damaged in melee. [demonic ancestry]
 27809 | Elf:2    | Reached XP level 18. HP: 148/148 MP: 25/25
 27930 | Elf:2    | Reached skill level 15 in Fighting
 28011 | Elf:2    | Received a gift from Okawaru
 28375 | Elf:3    | Identified the "Weamuf"
 28375 | Elf:3    | Entered Level 3 of the Elven Halls
 28566 | Depths:1 | Entered Level 1 of the Depths
 29428 | Shoals:1 | Learned a level 2 spell: Blink
 29869 | Shoals:1 | Received a gift from Okawaru
 30278 | Shoals:2 | Reached skill level 1 in Shapeshifting
 30344 | Abyss:2  | Cast into level 2 of the Abyss (merfolk impaler)
 30667 | Abyss:2  | Gained mutation: You occasionally lose the ability to read
                  | scrolls when taking damage. [a neqoxec]
 30736 | Abyss:2  | Noticed a lich
 30798 | Abyss:2  | Noticed a bone dragon
 30853 | Abyss:2  | Noticed a tentacled monstrosity
 30853 | Abyss:2  | Noticed a bone dragon
 31023 | Abyss:3  | Found a corrupted altar of Lugonu.
 31027 | Abyss:3  | Noticed a dread lich
 31036 | Abyss:3  | Killed a dread lich
 31036 | Abyss:3  | Received a gift from Okawaru
 31051 | Shoals:2 | Escaped the Abyss
 31084 | Shoals:2 | Noticed Polyphemus
 31101 | Shoals:2 | Killed Polyphemus
 31349 | Shoals:2 | Reached skill level 20 in Axes
 31422 | Shoals:2 | You fall into a shaft and drop 1 floor!
 31497 | Shoals:2 | Mutation became permanent: You have a moderately thin
                  | skeletal structure. (Dex +4, Stealth++) [demonic ancestry]
 31497 | Shoals:2 | Gained mutation: You have an unnaturally thin skeletal
                  | structure. (Dex +6, Stealth+++) [demonic ancestry]
 31497 | Shoals:2 | Reached XP level 19. HP: 157/157 MP: 26/26
 31755 | Shoals:2 | Received a gift from Okawaru
 31756 | Shoals:2 | Reached skill level 10 in Throwing
 32202 | Shoals:3 | Mangled by a harpy

Illustrated notes

Levels and vault maps discovered:
D:1:      dpeg_arrival_central, layout_basic
D:2:      layout_basic
D:3:      layout_basic, hangedman_feature_mirror, minmay_close_crescents,
          uniq_sigmund
D:4:      layout_cave_pools, minmay_temple_entry_glassed_door
D:5:      nicolae_cairo_tiling_large, layout_basic
D:6:      layout_basic, makhleb_heckhound_becter,
          nicolae_overflow_hidden_temple, gup_sewer_entry_spiral
D:7:      kennysheep_six_static_rooms, layout_basic,
          nicolae_elyvilon_peaceful_grove, pdpol_wu_jian_five_deadly_venoms,
          uniq_crazy_yiuf_cottage
D:8:      layout_basic, tgw_trog, erik_lair_dragon, uniq_jeremiah
D:9:      layout_rooms, hangedman_decor_points, kennysheep_generic_room_2
D:10:     minmay_chopped_fan, layout_irregular_city, evilmike_ruin_ashenzari,
          serial_shops, shop, nrook_loot_triangle, nicolae_shop_gadgets
D:11:     layout_rooms, orc_0_dummy, serial_shops, shop, minmay_rotating_lava,
          uniq_harold
D:12:     layout_gridville, gauntlet_entry_generic,
          portal_ice_cave_entry_pillars_1, dancing_weapons_uskayaw, uniq_azrael
D:13:     layout_cave_pools, hellmonk_vaults_attempted_burglary,
          chequers_serial_rivers_small_b, serial_nicolae_subway,
          nicolae_sub_station_metal, nicolae_sub_station_crystal,
          nicolae_sub_station_stone
D:14:     layout_loops_ring
D:15:     hangedman_depths_entry_civil_slaughter, layout_small_grid,
          basic_altar, nicolae_shop_overcharged_wands
Temple:   nicolae_temple_elliptical
Lair:1:   layout_cellular_growth, minivault_25, beast_lair_carwin_4,
          grunt_megastairs_2, uniq_gastronok
Lair:2:   layout_cave_shapes, elwin_shoals_entry_rocks,
          ebering_ghost_inner_flame, ice2_lemuel, grunt_megastairs_3,
          uniq_nergalle
Lair:3:   gammafunk_cloud_chamber, layout_regular_city,
          minmay_snake_entry_spellcaster, ebering_ghost_xom, uniq_fannar
Lair:4:   layout_cellular_growth
Lair:5:   hangedman_lair_in_review, layout_big_grid, slime_entry_1
Shoals:1: layout_shoals, nicolae_shoals_mertower
Shoals:2: layout_shoals, uniq_polyphemus
Shoals:3: layout_shoals, serial_shops, shop, ebering_ghost_gozag,
          nicolae_shoals_lost_giant_temple
Snake:1:  layout_rooms, nicolae_wooded_promenade,
          nicolae_shop_i_like_small_books_too, nicolae_snake_round_shape_thing,
          grunt_megastairs_1, uniq_aizul
Snake:2:  layout_grid_maze
Snake:3:  layout_gridlike
Orc:1:    layout_caves
Orc:2:    st_orc_mages, layout_caves, basic_altar, minmay_orc_keep
Elf:1:    layout_rooms, special_room [special_room_mythical_zoo],
          hangedman_elven_crosses_minicolossus, uniq_kirke
Elf:2:    nicolae_elf_blades_crystal_corner, layout_geoelf_grid, serial_shops,
          nicolae_shop_tiny_glass, nicolae_shop_i_like_big_books,
          onia_ninara_cookie
Elf:3:    nooodl_elf_gasket, layout_geoelf_diagonals, uniq_mara
Depths:1: layout_honeycomb, enter_ziggurat_f, minmay_room_of_horrors,
          grunt_pan_entry_in_and_out, hell_entry, chequers_decorated_corner,
          kennysheep_generic_room_12

Skill      XL: |  1  2  3  4  5  6  7  8  9 10 11 12 13 14 15 16 17 18 19 |
---------------+----------------------------------------------------------+-----
Dodging        | 3 4 5 6 7 8 9 10 11 12 | 12.8
Axes           | 3 4 5 6 8 9 11 12 13 15 16 17 18 19 20 | 20.1
Stealth        | 1 2 3 4 5 6 7 |  7.7
Armour         | 1 2 3 4 5 6 7 |  7.9
Fighting       | 3 4 5 6 7 8 10 11 12 13 14 15 16 | 16.1
Invocations    | 1 3 7 9 10 | 10.3
Throwing       | 2 6 7 8 9 10 | 10.1
Shields        | 1 2 |  2.3
Shapeshifting  | 2 |  2.8
Spellcasting   | |  0.4
Evocations     | |  0.2

Action                     |  1- 3 |  4- 6 |  7- 9 | 10-12 | 13-15 | 16-18 | 19-21 || total
---------------------------+-------+-------+-------+-------+-------+-------+-------++-------
  Melee: War axe           |    93 |   142 |   470 |   805 |       |       |       ||  1510
         Tailslap          |     3 |    19 |    70 |   171 |    95 |   245 |    12 ||   615
         Punch             |       |     3 |    12 |    26 |       |       |       ||    41
         Executioner's axe |       |       |       |    11 |   571 |  1211 |    84 ||  1877
  Throw: Javelin           |       |       |       |       |       |     3 |       ||     3
 Invoke: Heroism           |       |       |     3 |    13 |     9 |    11 |       ||    36
         Receive Weapon    |       |       |       |     1 |       |       |       ||     1
         Receive Armour    |       |       |       |     1 |       |       |       ||     1
  Evoke: Wand              |       |       |       |       |       |       |     1 ||     1
    Use: Scroll            |       |       |       |    12 |    14 |     6 |     1 ||    33
         Potion            |       |       |       |     1 |     2 |     2 |     1 ||     6
   Stab: Sleeping          |     4 |       |     8 |    15 |    11 |    35 |       ||    73
         Confused          |       |       |       |     1 |       |       |       ||     1
         Distracted        |       |       |       |       |       |    13 |       ||    13
         Petrified         |       |       |       |       |       |     3 |       ||     3
         Petrifying        |       |       |       |       |       |     2 |       ||     2
 Armour: Leather armour    |    92 |   130 |   209 |       |       |       |       ||   431
         Ring mail         |       |       |   255 |   573 |   452 |   869 |    91 ||  2240
  Dodge: Dodged            |   102 |   128 |   535 |   878 |   968 |  1646 |   179 ||  4436
  Block: Other             |       |       |       |       |       |   133 |    37 ||   170

Table legend: (Time is in decaauts)
 A = Elapsed time spent in this place.
 B = Non-inter-level travel time spent in this place.
 C = Inter-level travel time spent in this place.
 D = Time resting spent in this place.
 E = Time spent auto-exploring this place.
 F = Levels seen in this place.
 G = Mean time per level.
                   A        B        C        D        E       F      G
               +--------+--------+--------+--------+--------+-----+--------+
         Total |  32638 |  30349 |   2289 |   2247 |  13266 |  37 |  882.1 |
       Dungeon |  14897 |  13407 |   1490 |   1346 |   6851 |  15 |  993.1 |
        Temple |    140 |    120 |     20 |      0 |      0 |   1 |  140.0 |
          Lair |   6264 |   5702 |    562 |    222 |   2751 |   5 | 1252.8 |
        Shoals |   2654 |   2654 |      0 |    222 |    615 |   3 |  884.7 |
     Snake Pit |   3318 |   3246 |     72 |    209 |   1441 |   3 | 1106.0 |
  Orcish Mines |   2022 |   1965 |     57 |    138 |    745 |   2 | 1011.0 |
   Elven Halls |   2095 |   2009 |     86 |     57 |    731 |   3 |  698.3 |
        Depths |     16 |     16 |      0 |      0 |      3 |   1 |   16.0 |
         Abyss |    698 |    698 |      0 |     21 |      0 |   2 |  349.0 |
         Sewer |    393 |    393 |      0 |     32 |    129 |   1 |  393.0 |
      Gauntlet |    136 |    136 |      0 |      0 |      0 |   1 |  136.0 |
               +--------+--------+--------+--------+--------+-----+--------+

Top non-repeatable levels by time:
     D:8: 2239 daAuts
  Lair:1: 1722 daAuts
 Snake:2: 1415 daAuts
    D:11: 1326 daAuts
  Lair:4: 1312 daAuts
     D:3: 1311 daAuts
    D:10: 1262 daAuts
Shoals:2: 1261 daAuts
   Orc:2: 1256 daAuts
Shoals:1: 1198 daAuts
  Lair:3: 1169 daAuts
  Lair:2: 1130 daAuts
 Snake:1: 1076 daAuts
   Elf:1: 1069 daAuts
   Elf:2: 1020 daAuts
